 Dungeon Crawl Stone Soup version 0.30-a0-29-g142975f185 (webtiles) character file.

Game seed: 5909216812374782500

1096 nono the Trooper (level 8, -5/100 HPs)
             Began as a Palentonga Fighter on Aug 26, 2022.
             Killed by divine providence
             ... invoked by an orc priest
              (10 damage)
             ... on level 6 of the Dungeon.
             The game lasted 00:07:09 (4403 turns).

nono the Trooper (Palentonga Fighter)               Turns: 4403, Time: 00:07:11

Health: -5/100     AC: 24    Str: 22    XL:     8   Next: 10%
Magic:  8/8        EV:  1    Int: 13    God:
Gold:   360        SH:  4    Dex:  9    Spells: 7/7 levels left

rFire   . . .      SeeInvis +    (no weapon)
rCold   . . .      Faith    .    c - +0 buckler
rNeg    . . .      Spirit   .    (body armour currently unavailable)
rPois   +          Reflect  .    (helmet currently unavailable)
rElec   .          Harm     .    (cloak currently unavailable)
rCorr   .          Rampage  .    (gloves currently unavailable)
Will    .....      Rage     3%   (no barding)
Stlth   +......... NoTele   +    (no amulet)
HPRegen 0.26/turn                (no ring)
MPRegen 0.11/turn                (no ring)

@: brilliant, tree-form
A: stationary, stasis, torment immunity, boosted hp, large, rugged brown scales
3, see invisible, (deformed body), (roll 1), (armoured tail), (reflexive curl),
(beak), berserk 1, clever 1
a: no special abilities


You were on level 6 of the Dungeon.
You were a tree.
You visited 1 branch of the dungeon, and saw 6 of its levels.

You collected 360 gold pieces.

Inventory:

Hand Weapons
 a - a +0 flail
 w - a +3 mace
 C - a +0 dagger of venom
Missiles
 z - a throwing net
Armour
 b - a +0 scale mail
 c - a +0 buckler (worn)
 e - a +0 chain mail
 k - a +0 helmet (melded)
 n - a +0 plate armour (melded)
 v - a +0 cloak (melded)
Jewellery
 q - a +4 ring of evasion
 x - a ring of positive energy
Wands
 B - a wand of roots (14)
Scrolls
 f - 2 scrolls of acquirement {unknown}
 g - 2 scrolls of amnesia {unknown}
 h - a scroll of teleportation {unknown}
 i - a scroll of immolation {unknown}
 j - 7 scrolls of identify {unknown}
 l - a scroll of enchant weapon {unknown}
 p - 4 scrolls of vulnerability {unknown}
 u - a scroll of enchant armour {unknown}
 y - 3 scrolls of blinking {unknown}
 D - a scroll of fear {unknown}
Potions
 d - a potion of might
 m - 2 potions of lignification
 o - a potion of magic {unknown}
 r - a potion of mutation
 s - a potion of brilliance
 t - a potion of curing {unknown}
 A - a potion of degeneration {unknown}
 E - a potion of haste {unknown}


   Skills:
 + Level 5.6 Fighting
 + Level 5.1 Maces & Flails
 + Level 4.6 Armour
 + Level 5.1 Shields


You had 7 spell levels left.
You didn't know any spells.
Your spell library contained the following spells:

 Spells                   Type           Power      Damage    Failure   Level
 Ensorcelled Hibernation  Hex/Ice        0%         N/A       50%         2
 Passwall                 Tmut/Erth      0%         N/A       50%         2
 Swiftness                Air            0%         N/A       73%         3


Dungeon Overview and Level Annotations

Branches:
Dungeon (6/15)
 Temple: D:4-7

Altars:
Kikubaaqudgha
Sif Muna
Xom
Yredelemnul

Annotations:
D:4 1 runed translucent door, sausages's ghost, amateur MiFi
D:5 2 transporters


Innate Abilities, Weirdness & Mutations

You are a tree.
Your roots penetrate the ground, keeping you stationary.
You cannot be teleported.
You are immune to unholy pain and torment.
Your maximum health is greatly increased.
Your equipment is partially melded.
(You are completely covered in rugged brown scales. (AC +3, +7% HP))
You have supernaturally acute eyesight. (SInv)
((Armour fits poorly on your strangely shaped body.))
((You can roll at nearby foes to attack.))
((You have a long armoured tail.))
((You curl defensively after being hit. (AC +7*)))
((You have a beak for a mouth.))
You sometimes lose your temper in combat.
Your mind is acute. (Int +4, Str/Dex -1)


Message History

The orc priest hits you but does no damage.
The orc barely misses you.
The orc priest looks encouraged for a moment.
You sock the orc priest!
The orc priest is heavily wounded.
The orc hits you but does no damage. You block the orc priest's attack.
You hit the orc priest.
The orc priest is almost dead.
The orc hits you but does no damage.
The orc priest invokes the aid of Beogh against you.
Pain shoots through your body!
* * * LOW HITPOINT WARNING * * *
You barely miss the orc priest.
The orc priest is almost dead.
The orc completely misses you.
The orc priest mumbles some strange prayers to Beogh against you.
Beogh smites you!
* * * LOW HITPOINT WARNING * * *
It was a potion of lignification.
You turn into a tree.
Your +0 cloak melds into your body.
Your +0 helmet melds into your body.
Your +0 plate armour melds into your body.
Your roots penetrate the ground.
The orc hits you but does no damage. The orc priest hits you with a +0 club.
* * * LOW HITPOINT WARNING * * *
Unknown command.
You are now empty-handed.
The orc hits you but does no damage.
The orc priest looks encouraged for a moment.
You barely miss the orc priest.
The orc priest is almost dead.
You block the orc's attack. You block the orc priest's attack.
It was a potion of brilliance.
You feel clever all of a sudden. The orc hits you but does no damage.
The orc priest completely misses you.
It was a potion of mutation.
You feel extremely strange.
You feel a little pissed off.
You feel clever.
Your mouth lengthens and hardens into a beak!
The orc hits you but does no damage.
The orc priest calls down the wrath of Beogh upon you.
Beogh smites you!
You die...

#..# #.#.......#
#.#####)#.......#
#...)...#.......#
###)#############
#..# ##.# #.####
#..o.# ####♣# #o#
#.# #.. ###


You could see an orc priest and an orc.

Vanquished Creatures
  Grinder (D:4)
  Sigmund (D:4)
  3 necrophages
  2 scorpions (D:5)
  3 hounds
  3 iguanas
  8 gnolls
  9 adders
  2 shadow imps (D:5)
  2 worms (D:3)
  4 dart slugs
  11 orcs
  7 bats
  2 bat zombies (D:3)
  6 endoplasms
  3 giant cockroaches
  3 goblins
  6 hobgoblins
  10 jackals
  6 quokkas
  5 ball pythons
  5 frilled lizards
  6 kobolds
  5 rats
113 creatures vanquished.

Notes
Turn   | Place    | Note
-------+----------+-------------------------------------------
     0 | D:1      | nono the Palentonga Fighter began the quest for the Orb.
     0 | D:1      | Reached XP level 1. HP: 19/19 MP: 1/1
   273 | D:1      | Reached XP level 2. HP: 19/25 MP: 2/2
   737 | D:1      | Reached XP level 3. HP: 28/31 MP: 3/3
  1017 | D:1      | Found a faded altar of an unknown god.
  1715 | D:3      | Reached XP level 4. HP: 38/38 MP: 4/4
  1739 | D:3      | Found a shimmering blue altar of Sif Muna.
  1934 | D:3      | Found an ancient bone altar of Kikubaaqudgha.
  2170 | D:3      | Found a shimmering altar of Xom.
  2393 | D:4      | Noticed Sigmund
  2399 | D:4      | Killed Sigmund
  2400 | D:4      | Reached XP level 5. HP: 44/44 MP: 5/5
  2400 | D:4      | Reached XP level 6. HP: 51/51 MP: 6/6
  2533 | D:4      | Noticed Grinder
  2536 | D:4      | Paralysed by Grinder for 5 turns
  2542 | D:4      | Killed Grinder
  2654 | D:4      | Gained mutation: You curl defensively after being hit. (AC
                  | +7*) [Palentonga growth]
  2654 | D:4      | Reached XP level 7. HP: 55/58 MP: 7/7
  2788 | D:4      | Found a runed translucent door.
  2791 | D:4      | Noticed sausages's ghost (amateur MiFi)
  2871 | D:4      | You fall into a shaft and drop 2 floors!
  2937 | D:5      | Entered Level 5 of the Dungeon
  2946 | D:5      | Found a transporter.
  3278 | D:4      | Reached skill level 5 in Fighting
  3589 | D:5      | Found a basalt altar of Yredelemnul.
  3689 | D:5      | Noticed a fire bat
  3724 | D:5      | Noticed a fire bat
  3826 | D:5      | Found a transporter.
  4315 | D:6      | Reached skill level 5 in Maces & Flails
  4315 | D:6      | Reached skill level 5 in Shields
  4315 | D:6      | Reached XP level 8. HP: 67/67 MP: 8/8
  4398 | D:6      | HP: 3/67 [orc priest/divine providence (14)]
  4403 | D:6      | Gained mutation: You sometimes lose your temper in combat.
                  | [potion of mutation]
  4403 | D:6      | Gained mutation: Your mind is acute. (Int +4, Str/Dex -1)
                  | [potion of mutation]
  4403 | D:6      | Gained mutation: You have a beak for a mouth. [potion of
                  | mutation]
  4403 | D:6      | Killed from afar by an orc priest

Illustrated notes

Levels and vault maps discovered:
D:1:      dpeg_arrival_boxorama, layout_rooms,
          hellmonk_ecumenical_altar_leap_of_faith, chequers_jeans,
          dreamdust_wishing_well, nrook_mini_backslash, minmay_heptomino_h4
D:2:      layout_rooms
D:3:      layout_basic, lemuel_doored_altar, lemuel_zombie_altar_kikubaaqudgha,
          tgw_xom
D:4:      layout_loops_ring, ebering_ghost_sewer_d, item_on_display_a,
          uniq_sigmund, uniq_grinder
D:5:      gammafunk_cloud_chamber, layout_cave_pools,
          mainiacjoe_overflow_tiny_flanked
D:6:      layout_basic, nicolae_shop_gadgets

Skill      XL: |  1  2  3  4  5  6  7 |
---------------+----------------------+-----
Shields        | 3 4 5 |  5.1
Armour         | 3 4 |  4.6
Maces & Flails | 3 4 5 |  5.1
Fighting       | 4 5 |  5.6

Action                   |  1- 3 |  4- 6 |  7- 9 || total
-------------------------+-------+-------+-------++-------
Melee: Flail             |    92 |    88 |       ||   180
       Tailslap          |     8 |     8 |    23 ||    39
       Mace              |       |     9 |   153 ||   162
       Unarmed           |       |       |     1 ||     1
  Use: Potion            |       |     1 |     3 ||     4
Armor: Chain mail        |    30 |       |       ||    30
       Plate armour      |    15 |   127 |    93 ||   235
       Skin              |       |       |     4 ||     4
Dodge: Dodged            |    21 |    34 |    20 ||    75
Block: Buckler           |    12 |    41 |    29 ||    82

Table legend: (Time is in decaauts)
 A = Elapsed time spent in this place.
 B = Non-inter-level travel time spent in this place.
 C = Inter-level travel time spent in this place.
 D = Time resting spent in this place.
 E = Time spent auto-exploring this place.
 F = Levels seen in this place.
 G = Mean time per level.
                   A        B        C        D        E       F      G
               +--------+--------+--------+--------+--------+-----+--------+
         Total |   4487 |   4394 |     93 |      0 |   3409 |   6 |  747.8 |
       Dungeon |   4487 |   4394 |     93 |      0 |   3409 |   6 |  747.8 |
               +--------+--------+--------+--------+--------+-----+--------+

Top non-repeatable levels by time:
     D:4: 1207 daAuts
     D:1: 1079 daAuts
     D:3: 787 daAuts
     D:5: 693 daAuts
     D:2: 472 daAuts
     D:6: 247 daAuts
